 Dungeon Crawl Stone Soup version 0.28.0 (webtiles) character file.

Game seed: 11705561065350404261

172 Selrock the Shield-Bearer (level 5, -1/41 HPs)
             Began as a Demonspawn Fighter on Feb 11, 2022.
             Was a Believer of Cheibriados.
             Killed by nerve-wracking pain
             ... invoked by Grinder
              (5 damage)
             ... on level 3 of the Dungeon.
             The game lasted 00:05:53 (3110 turns).

Selrock the Shield-Bearer (Demonspawn Fighter)      Turns: 3110, Time: 00:05:54

Health: -1/41      AC:  8    Str: 22    XL:     5   Next: 27%
Magic:  5/5        EV:  9    Int: 14    God:    Cheibriados [**....]
Gold:   168        SH:  9    Dex: 16    Spells: 4/4 levels left

rFire   . . .      SeeInvis .   a - +0 war axe
rCold   . . .      Faith    .   c - +0 buckler
rNeg    . . .      Spirit   .   b - +0 scale mail
rPois   .          Reflect  .   i - +0 helmet
rElec   .          Harm     .   r - +0 cloak
rCorr   .          Rampage  .   (no gloves)
Will    .....                   (no boots)
Stlth   ..........              (no amulet)
HPRegen 0.13/turn               (no ring)
MPRegen 0.09/turn               (no ring)

@: very slow
A: hooves 1, large bone plates 1, demonic guardian 1
a: Renounce Religion, Bend Time


You were on level 3 of the Dungeon.
You worshipped Cheibriados.
Cheibriados was pleased with you.
You visited 1 branch of the dungeon, and saw 3 of its levels.

You collected 168 gold pieces.

Inventory:

Hand Weapons
 a - a +0 war axe (weapon)
Missiles
 j - 5 silver javelins (quivered)
 o - 5 boomerangs
Armour
 b - a +0 scale mail (worn)
 c - a +0 buckler (worn)
 i - a +0 helmet (worn)
 r - a +0 cloak (worn)
Scrolls
 e - 2 scrolls of teleportation {unknown}
 g - a scroll of brand weapon {unknown}
 h - a scroll of vulnerability {unknown}
 k - a scroll of torment {unknown}
 n - a scroll of magic mapping {unknown}
 q - a scroll of silence {unknown}
Potions
 d - 2 potions of might
 f - a potion of degeneration {unknown}
 l - a potion of curing {unknown}
 m - a potion of mutation {unknown}
 p - a potion of ambrosia {unknown}


   Skills:
 - Level 3.0 Fighting
 + Level 3.7 Axes
 - Level 2.6 Armour
 + Level 4.3 Shields


You had 4 spell levels left.
You didn't know any spells.
Your spell library was empty.

Dungeon Overview and Level Annotations

Branches:
Dungeon (3/15)

Altars:
Cheibriados
Zin

Shops:
D:1 :   D:3 *

Annotations:
D:3 1 runed translucent door, Crazy Yiuf, Grinder


Innate Abilities, Weirdness & Mutations

You have large cloven feet.
You are partially covered in large bone plates. (SH +4)
A weak demonic guardian rushes to your aid.


Message History

Cheibriados appreciates the change of pace.
HP restored.
Found a stone staircase leading down.
An adder comes into view.
A kobold comes into view. It is wielding a +0 dagger.
The kobold moves out of view.
The adder closely misses you. You block the adder's attack.
You miss the adder. Your kick misses the adder.
The adder bites you but does no damage. You block the adder's attack.
You slash the adder!
You kill the adder!
Cheibriados appreciates the change of pace.
You hit the kobold but do no damage. You block the kobold's attack.
You block the kobold's attack. The kobold hits you but does no damage.
You closely miss the kobold. You block the kobold's attack.
You hit the kobold. You kick the kobold, but do no damage.
The kobold is moderately wounded.
The kobold hits you with a +0 dagger.
You hit the kobold but do no damage. Your kick misses the kobold.
The kobold is moderately wounded.
You block the kobold's attack. The kobold misses you.
You slash the kobold!
You kill the kobold!
Cheibriados appreciates the change of pace.
You see here a +0 dagger.
A worm comes into view.
The worm bites you but does no damage.
You slash the worm!
The worm is heavily wounded.
You barely miss the worm. You kick the worm.
The worm is severely wounded.
You block the worm's attack.
You slash the worm!
You kill the worm!
You have reached level 5!
Your demonic ancestry asserts itself...
You feel the presence of a demonic guardian.
An orc and an orc wizard come into view.
The orc shouts!
The orc wizard shouts!
A frilled lizard comes into view.
An orc comes into view. It is wielding a +0 short sword.
The orc shouts!
The frilled lizard hisses angrily.
You hear a shout!
An orc comes into view. It is wielding a +0 hand axe.
The orc shouts!
The orc wizard casts a spell at you. You resist with some effort.
The orc closely misses you. You block the orc's attack.
The orc wizard gestures at you while chanting.
You are confused.
You bump into the rock wall.
The frilled lizard barely misses you. The orc hits you with a +0 club.
The orc wizard misses you.
You hit the orc wizard but do no damage.
Your kick misses the orc wizard. You barely miss the frilled lizard.
You hit the orc.
The frilled lizard unfolds its giant frill.
The frilled lizard closely misses you. The orc hits you but does no damage.
The orc wizard gestures at you while chanting.
The puff of flame hits you!
The frilled lizard bites you but does no damage.
You miss the orc wizard. You hit the orc.
You kill the orc!
Cheibriados appreciates the change of pace.
You miss the frilled lizard. The orc wizard casts a spell at you.
The magic dart hits you! The frilled lizard barely misses you.
The orc barely misses you.
The orc wizard points at you and mumbles some strange words.
The magic dart hits you.
A demonic guardian appears!
The orc wizard barely misses you.
The orc wizard hits you but does no damage.
Your white imp gestures at the orc.
The puff of frost hits the orc!
The orc dies!
Cheibriados appreciates the change of pace.
The frilled lizard bites you but does no damage.
You slash the orc wizard! Your kick misses the orc wizard.
The orc wizard is severely wounded.
You slash the frilled lizard!
You kill the frilled lizard!
Cheibriados thoroughly appreciates the change of pace.
You feel less confused.
The orc wizard hits you but does no damage.
You closely miss the orc wizard.
The orc wizard is severely wounded.
Your white imp hits the orc wizard but does no damage.
You block the orc wizard's attack.
Your white imp completely misses the orc wizard.
You hit the orc wizard. You kick the orc wizard.
You kill the orc wizard!
Cheibriados appreciates the change of pace.
You hit the orc. The orc hits you but does no damage.
The orc barely misses your white imp.
Your white imp hits the orc but does no damage.
The orc barely misses you.
The orc completely misses your white imp.
Your white imp closely misses the orc.
The orc hits you but does no damage. The orc barely misses your white imp.
Your white imp closely misses the orc.
Things that are here:
a +0 dagger; a +0 robe; a frilled lizard corpse You slash the orc!
You kill the orc!
Cheibriados thoroughly appreciates the change of pace.
Cheibriados raises the support of your attributes as your movement slows.
Things that are here:
a +0 hand axe; a +0 leather armour; an orc corpse Your white imp disappears in a puff of smoke!
Things that are here:
a +0 short sword; a +0 scale mail
Things that are here:
a +0 club; a +0 leather armour
Things that are here:
a +0 club; a +0 leather armour Grinder comes into view.
Grinder shouts!
Grinder blinks!
Grinder moves out of view.
Grinder is nearby!
Grinder gestures at you. Pain shoots through your body!
You block Grinder's attack.
You slash Grinder!
Grinder is moderately wounded.
Grinder hits you but does no damage. Grinder gestures at you.
You suddenly lose the ability to move!
Grinder hits you but does no damage. Grinder gestures at you.
Pain shoots through your body!
A demonic guardian appears!
You can move again.
You slash Grinder! Your kick misses Grinder.
Grinder is heavily wounded.
Grinder hits you.
A demonic guardian appears!
You writhe in agony.
Your white imp hits Grinder.
Your white imp freezes Grinder.
Grinder resists.
You hit Grinder but do no damage.
Grinder is heavily wounded.
Grinder gestures at you. Pain shoots through your body!
Your white imp closely misses Grinder.
You barely miss Grinder.
Grinder is heavily wounded.
You block Grinder's attack.
Your white imp hits Grinder.
Your white imp freezes Grinder.
Grinder completely resists.
Grinder gestures at you.
You suddenly lose the ability to move!
Your white imp hits Grinder.
Your white imp freezes Grinder.
Grinder resists.
Grinder hits you but does no damage.
Your white imp gestures at Grinder.
The puff of frost hits Grinder.
Grinder resists.
Grinder hits your white imp.
Your white imp gestures at Grinder.
The puff of frost hits Grinder.
Grinder resists.
Your white imp gestures at Grinder.
The puff of frost hits Grinder.
Grinder resists.
Grinder blinks!
You can move again.
Grinder hits your ufetubus.
Your ufetubus barely misses Grinder. x2; Grinder blinks!
Grinder misses your ufetubus.
Your ufetubus closely misses Grinder.
Your ufetubus misses Grinder. Your ufetubus misses Grinder.
Your ufetubus barely misses Grinder.
Your ufetubus closely misses Grinder.
Your ufetubus misses Grinder.
Your ufetubus disappears in a puff of smoke!
Grinder misses you.
You hit Grinder but do no damage.
Grinder is severely wounded.
Grinder hits you but does no damage.
You closely miss Grinder.
Grinder is severely wounded.
Grinder hits you.
You writhe in agony.
You barely miss Grinder.
Grinder is severely wounded.
Grinder hits you but does no damage.
You hit Grinder but do no damage.
Grinder is severely wounded.
Grinder gestures at you.
You suddenly lose the ability to move!
Grinder hits you but does no damage.
Your white imp disappears in a puff of smoke!
Grinder hits you but does no damage. Grinder hits you but does no damage.
Grinder hits you.
You writhe in agony.
* * * LOW HITPOINT WARNING * * *
Grinder hits you but does no damage. Grinder gestures at you.
You barely resist.
Grinder says, "Wait up."
Grinder hits you but does no damage.
You can move again.
You closely miss Grinder.
Grinder is severely wounded.
Grinder gestures at you.
You shrug off the repeated paralysis!
You slash Grinder!
Grinder is almost dead.
Grinder gestures at you. Pain shoots through your body!
* * * LOW HITPOINT WARNING * * *
A demonic guardian appears!
Grinder barely misses you.
Your quasit bites Grinder but does no damage.
Your quasit barely misses Grinder.
Your quasit claws Grinder but does no damage.
Grinder gestures at you. Pain shoots through your body!
You die...

.#... #...# # ....#
#...# # #.#.# #...#
#
#.#.#######...#####
#.#.##..^..........
#..5............#..
##5###.............
#.# ######..)#####
#@# #...# #.# #...#
#.# #...# #.# #...#
# #.#########.## #
..#.......#.## #
###.#####.#..# #
#.#####.##.## #
#.##....)...#


You could see Grinder (ally target) and a friendly quasit (summoned).

Vanquished Creatures
  An orc wizard (D:3)
  4 gnolls (D:2)
  5 adders
  A worm (D:3)
  3 orcs (D:3)
  10 ball pythons
  6 endoplasms
  2 giant cockroaches
  6 goblins (D:2)
  A jackal (D:2)
  6 kobolds
  7 bats
  2 frilled lizards
  5 rats
59 creatures vanquished.

Vanquished Creatures (collateral kills)
  An orc (D:3)
1 creature vanquished.

Grand Total: 60 creatures vanquished

Notes
Turn   | Place    | Note
-------+----------+-------------------------------------------
     0 | D:1      | Selrock the Demonspawn Fighter began the quest for the Orb.
     0 | D:1      | Reached XP level 1. HP: 18/18 MP: 1/1
   344 | D:1      | Reached skill level 3 in Shields
   361 | D:1      | Gained mutation: You are partially covered in large bone
                  | plates. (SH +4) [demonic ancestry]
   361 | D:1      | Reached XP level 2. HP: 24/24 MP: 2/2
   665 | D:1      | Found Jegie's Book Shoppe.
  1284 | D:2      | Reached XP level 3. HP: 29/29 MP: 3/3
  1347 | D:2      | Gained mutation: You have large cloven feet. [demonic
                  | ancestry]
  1347 | D:2      | Reached XP level 4. HP: 7/35 MP: 4/4
  1770 | D:2      | Found a faded altar of an unknown god.
  1838 | D:2      | Prayed at the altar of an unknown god.
  1838 | D:2      | Became a worshipper of Cheibriados the Contemplative
  1838 | D:2      | Reached * piety under Cheibriados
  2304 | D:3      | Reached skill level 4 in Shields
  2310 | D:3      | Found Zin's Purification Station.
  2633 | D:3      | Found a runed translucent door.
  2634 | D:3      | Noticed Crazy Yiuf
  2875 | D:3      | Gained mutation: A weak demonic guardian rushes to your
                  | aid. [demonic ancestry]
  2875 | D:3      | Reached XP level 5. HP: 41/41 MP: 5/5
  2902 | D:3      | Reached ** piety under Cheibriados
  3079 | D:3      | Noticed Grinder
  3085 | D:3      | Paralysed by Grinder for 3 turns
  3090 | D:3      | Paralysed by Grinder for 4 turns
  3101 | D:3      | Paralysed by Grinder for 7 turns
  3110 | D:3      | Killed from afar by Grinder

Illustrated notes

Levels and vault maps discovered:
D:1:      psy_arrival_terrarium, layout_loops_corners, serial_shops,
          nicolae_shop_crystal, nicolae_figureground_pulse
D:2:      kb_forest_paths, layout_basic, dreamdust_ecumenical_altar_statues
D:3:      layout_loops_cross, zin_purify, chequers_arboretum,
          hangedman_abyss_or_decor_stabs, uniq_natasha, uniq_grinder,
          uniq_crazy_yiuf_cottage

Skill      XL: |  1  2  3  4 |
---------------+-------------+-----
Axes           | 2 3 |  3.7
Shields        | 3 4 |  4.3
Fighting       | |  3.0
Armour         | |  2.6

Action                   |  1- 3 |  4- 6 || total
-------------------------+-------+-------++-------
Melee: War axe           |    64 |    75 ||   139
       Kick              |       |    10 ||    10
Armor: Scale mail        |    42 |    46 ||    88
Dodge: Dodged            |    30 |    33 ||    63
Block: Buckler           |    30 |    37 ||    67
